 Dungeon Crawl Stone Soup version 0.30-a0-167-g62a5988fa7 (webtiles) character file.

Game seed: 1637568698187222034

317 qw the Shield-Bearer (level 6, -11/37 HPs)
             Began as a Gargoyle Fighter on Sept 29, 2022.
             Mangled by an ogre
             ... wielding a +0 giant club
              (18 damage)
             ... on level 5 of the Dungeon.
             The game lasted 00:01:21 (3349 turns).

qw the Shield-Bearer (Gargoyle Fighter)             Turns: 3349, Time: 00:01:21

Health: -11/37     AC: 16    Str: 22    XL:     6   Next: 45%
Magic:  6/6        EV:  6    Int:  8    God:
Gold:   286        SH: 13    Dex:  9    Spells: 5/5 levels left

rFire   . . .      SeeInvis +    Y - +3 war axe
rCold   . . .      Faith    .    k - +0 tower shield
rNeg    + . .      Spirit   .    b - +0 scale mail
rPois   inf        Reflect  .    (no helmet)
rElec   +          Harm     .    l - +0 cloak
rCorr   .          Rampage  .    g - +0 pair of gloves
Will    +....                    o - +2 pair of boots
Stlth   +.........               m - amulet "Bidor" {Acrobat Will+ SInv Stlth+}
HPRegen 0.12/turn                (no ring)
MPRegen 0.10/turn                (no ring)

@: about to teleport
A: sickness immunity, AC +4, negative energy resistance 1, electricity
resistance, torment resistance 1, petrification resistance
a: no special abilities


You were on level 5 of the Dungeon.
You visited 1 branch of the dungeon, and saw 5 of its levels.

You collected 286 gold pieces.


Innate Abilities, Weirdness & Mutations

You are immune to sickness and miasma.
Your stone body is resilient. (AC +4)
You are immune to poison.
You resist negative energy. (rN+)
You are resistant to electric shocks. (rElec)
You are resistant to unholy torment.
You are immune to petrification.


   Skills:
 - Level 3.2 Fighting
 + Level 3.1 Axes
 - Level 3.2 Armour
 - Level 7.0 Shields


You had 5 spell levels left.
You didn't know any spells.
Your spell library was empty.

Inventory:

Hand Weapons
 h - a +0 demon whip
 Y - a +3 war axe (weapon)
Armour
 b - a +0 scale mail (worn)
 g - a +0 pair of gloves (worn)
 k - a +0 tower shield (worn)
 l - a +0 cloak (worn)
 o - a +2 pair of boots (worn)
Jewellery
 m - the amulet "Bidor" (around neck) {Acrobat Will+ SInv Stlth+}
   (You found it on level 2 of the Dungeon)

   [amulet of the acrobat]

   It increases your evasion while moving and waiting.
   SInv:      It lets you see invisible.
   Will:      It increases your willpower.
   Stlth:     It makes you more stealthy.
Scrolls
 i - 4 scrolls of identify
 p - a scroll of teleportation
Potions
 a - a potion of resistance
 c - a potion of lignification
 d - a potion of might
 e - 2 potions of curing
 f - a potion of mutation
 j - a potion of attraction

Dungeon Overview and Level Annotations

Branches:
Dungeon (5/15)
 Temple: D:4-7

Altars:
The Shining One

Shops:
D:1 (


Message History

You barely miss the ice beast. You block the ice beast's attack.
The ice beast barely misses you.
You barely miss the ice beast. The ice beast barely misses you.
You slash the ice beast!
The ice beast is moderately wounded.
The ice beast hits you. The ice beast freezes you.
You block the ice beast's attack.
You closely miss the ice beast.
The ice beast is moderately wounded.
You block the ice beast's attack.
An ogre comes into view. It is wielding a +0 giant club.
3342 ||| Stepping ~*~*~tactically~*~*~ (stealth).
You slash the ice beast!
The ice beast is severely wounded.
You block the ice beast's attack.
The ice beast hits you but does no damage.
You hit the ice beast but do no damage.
The ice beast is severely wounded.
You block the ice beast's attack. x2
You hit the ice beast.
The ice beast is almost dead.
The ice beast hits you but does no damage.
You closely miss the ice beast.
The ice beast is almost dead.
The ice beast hits you but does no damage.
The ice beast hits you. The ice beast freezes you!
3347 ||| READING 2 scrolls of teleportation.
As you read the scroll of teleportation, it crumbles to dust.
You feel strangely unstable.
The ogre shouts!
The ice beast barely misses you.
You barely miss the ice beast.
The ice beast is almost dead.
You block the ice beast's attack. The ice beast barely misses you.
You hit the ice beast.
You kill the ice beast!
You hit the ogre.
The ogre hits you with a +0 giant club!!
You die...

# .. .## #[.
#####..####...
###....#...#....
................
#....@......#
#....#O%..###
#....)..#.....
#....<#...##..
....###.###..#..
.### ... ..##.
..#.. ..# ..#
... .# .O# ....
..


You could see an ogre.

Vanquished Creatures
  An ice beast (D:5)
  An ogre (D:5)
  A phantom (D:4)
  3 gnolls (D:4)
  6 adders
  An ufetubus (D:4)
  2 worms (D:4)
  2 dart slugs
  3 orcs (D:3)
  4 bats
  3 endoplasms
  A giant cockroach (D:4)
  7 goblins
  4 hobgoblins
  3 jackals (D:3)
  7 kobolds
  2 quokkas (D:1)
  5 ball pythons
  3 frilled lizards (D:1)
  4 rats
63 creatures vanquished.

Notes
Turn   | Place    | Note
-------+----------+-------------------------------------------
     0 | D:1      | qw the Gargoyle Fighter began the quest for the Orb.
     0 | D:1      | Reached XP level 1. HP: 14/14 MP: 1/1
     0 | D:1      | 0 ||| qw: Version: 0.2-a-12-gaebbb33
     0 | D:1      | 0 ||| qw: Game counter: 1080
     0 | D:1      | 0 ||| qw: Always use a shield: true
     0 | D:1      | 0 ||| qw: God list: Okawaru
     0 | D:1      | 0 ||| qw: Allow faded altars: false
     0 | D:1      | 0 ||| qw: Do Orc after D:15 true
     0 | D:1      | 0 ||| qw: Do second Lair branch before Depths: true
     0 | D:1      | 0 ||| qw: Lair rune preference: random
     0 | D:1      | 0 ||| qw: Plans: Normal, Zot:1-4, God:TSO, Crypt, Tomb,
                  | Pan, Slime:5, Hells, Abyss, Orb
     0 | D:1      | 0 ||| PLANNING D:1-11
   372 | D:1      | Reached XP level 2. HP: 19/19 MP: 2/2
   477 | D:1      | Found Tiroin's Weapon Shoppe.
   772 | D:1      | 772 ||| UPGRADING to +0 tower shield.
   782 | D:1      | 782 ||| DROPPING +0 buckler.
   783 | D:1      | 783 ||| UPGRADING to +0 cloak.
   788 | D:1      | 788 ||| READING scroll labelled AZOUBIE DIBEU.
   789 | D:1      | 789 ||| READING scroll labelled UZAIJY DEGILU.
   790 | D:1      | 790 ||| READING 3 scrolls labelled DIHARH MUZOWKY.
   791 | D:1      | 791 ||| READING 2 scrolls of identify.
   791 | D:1      | 791 ||| IDENTIFYING smoky puce potion
   914 | D:2      | Reached XP level 3. HP: 22/23 MP: 3/3
   942 | D:2      | 942 ||| Stepping ~*~*~tactically~*~*~ (stealth).
   946 | D:2      | 946 ||| Stepping ~*~*~tactically~*~*~ (stealth).
   952 | D:2      | 952 ||| FLEEEEING.
   956 | D:2      | 956 ||| STAIRDANCE
  1003 | D:1      | 1003 ||| DRINKING 2 amethyst potions.
  1104 | D:1      | 1104 ||| DROPPING potion of ambrosia.
  1109 | D:2      | Reached skill level 4 in Shields
  1385 | D:2      | Identified the amulet "Bidor" {Acrobat Will+ SInv Stlth+}
  1508 | D:2      | Reached XP level 4. HP: 28/28 MP: 4/4
  1509 | D:2      | 1509 ||| UPGRADING to +0 pair of gloves.
  1514 | D:2      | 1514 ||| UPGRADING to amulet "Bidor" {Acrobat Will+ SInv
                  | Stlth+}.
  1519 | D:2      | 1519 ||| DRINKING 2 emerald potions.
  1520 | D:2      | 1520 ||| READING 2 scrolls of identify.
  1520 | D:2      | 1520 ||| IDENTIFYING grey potion
  1521 | D:2      | 1521 ||| DROPPING potion of degeneration.
  1546 | D:3      | Found a faded altar of an unknown god.
  1833 | D:3      | 1833 ||| Stepping ~*~*~tactically~*~*~ (stealth).
  1841 | D:3      | 1841 ||| Stepping ~*~*~tactically~*~*~ (stealth).
  1859 | D:3      | 1859 ||| READING scroll of enchant weapon.
  1859 | D:3      | 1859 ||| ENCHANTING +1 war axe.
  1996 | D:3      | 1996 ||| Stepping ~*~*~tactically~*~*~ (stealth).
  1997 | D:3      | 1997 ||| Stepping ~*~*~tactically~*~*~ (stealth).
  2265 | D:3      | Found a glowing golden altar of the Shining One.
  2330 | D:3      | 2330 ||| UPGRADING to +2 pair of boots.
  2335 | D:3      | 2335 ||| READING 2 scrolls labelled TEYPED QECKIECS.
  2336 | D:3      | 2336 ||| READING 3 scrolls labelled ILOROCEOHU.
  2340 | D:3      | 2340 ||| READING scroll labelled USYISA VOJU.
  2341 | D:3      | 2341 ||| DRINKING 2 viscous red potions.
  2342 | D:3      | 2342 ||| READING 4 scrolls of identify.
  2342 | D:3      | 2342 ||| IDENTIFYING dark potion
  2343 | D:3      | 2343 ||| READING 3 scrolls of identify.
  2343 | D:3      | 2343 ||| IDENTIFYING sedimented brown potion
  2344 | D:3      | 2344 ||| DROPPING scroll of immolation.
  2396 | D:4      | Reached skill level 5 in Shields
  2581 | D:4      | Reached skill level 3 in Axes
  2690 | D:4      | 2690 ||| Stepping ~*~*~tactically~*~*~ (stealth).
  2886 | D:4      | Reached XP level 5. HP: 32/32 MP: 5/5
  3141 | D:4      | 3141 ||| READING scroll of enchant weapon.
  3141 | D:4      | 3141 ||| ENCHANTING +2 war axe.
  3161 | D:4      | Noticed a phantom
  3170 | D:4      | Killed a phantom
  3171 | D:4      | Reached skill level 6 in Shields
  3190 | D:4      | Reached XP level 6. HP: 36/37 MP: 6/6
  3294 | D:4      | 3294 ||| READING scroll labelled DESHIGR GURGHUO.
  3295 | D:4      | 3295 ||| READING 2 scrolls labelled TYP MIYVAFRE.
  3296 | D:4      | 3296 ||| READING 5 scrolls of identify.
  3296 | D:4      | 3296 ||| IDENTIFYING viscous purple potion
  3297 | D:4      | 3297 ||| DROPPING scroll of poison.
  3298 | D:4      | 3298 ||| DROPPING potion of brilliance.
  3314 | D:5      | Entered Level 5 of the Dungeon
  3326 | D:5      | 3326 ||| Stepping ~*~*~tactically~*~*~ (stealth).
  3330 | D:5      | Reached skill level 7 in Shields
  3331 | D:5      | Noticed an ice beast
  3342 | D:5      | 3342 ||| Stepping ~*~*~tactically~*~*~ (stealth).
  3346 | D:5      | HP: 6/37 [ice beast (14)]
  3347 | D:5      | 3347 ||| READING 2 scrolls of teleportation.
  3349 | D:5      | Killed an ice beast
  3349 | D:5      | Mangled by an ogre

Levels and vault maps discovered:
D:1:      evilmike_arrival_grusome_pit, layout_rooms, serial_shops, shop
D:2:      layout_basic
D:3:      layout_basic, mainiacjoe_overflow_concentric_impassable,
          shapermc_ecumenical_altar_acropolis, minmay_misc_feat_cross
D:4:      layout_basic, nrook_campfire
D:5:      layout_rooms, minmay_temple_entry_slanted, serial_rivers,
          chequers_serial_rivers_micro_c, chequers_serial_rivers_small_b,
          chequers_serial_rivers_micro_e, chequers_serial_rivers_small_3,
          uniq_menkaure, uniq_duvessa

Skill      XL: |  1  2  3  4  5  6 |
---------------+-------------------+-----
Axes           | 2 3 |  3.1
Shields        | 4 5 6 7 |  7.0
Fighting       | |  3.2
Armour         | |  3.2

Action                   |  1- 3 |  4- 6 || total
-------------------------+-------+-------++-------
Melee: War axe           |    86 |   122 ||   208
  Use: Scroll            |     4 |    12 ||    16
       Potion            |     1 |     2 ||     3
Armor: Scale mail        |    34 |    54 ||    88
Dodge: Dodged            |    25 |    25 ||    50
Block: Buckler           |     9 |       ||     9
       Tower shield      |    31 |    87 ||   118

Table legend:
 A = Non-vault XP
 B = Vault XP
 C = Vault XP percentage of total XP
 D = Non-vault monster count
 E = Vault monster count
 F = Vault count percentage of total count
                 A         B        C        D         E       F
            +---------+---------+-------+---------+---------+-------
      Total |     586 |       0 |   0.0 |      63 |       0 |   0.0
            +---------+---------+-------+---------+---------+-------
        D:1 |      21 |       0 |   0.0 |      13 |       0 |   0.0
        D:2 |      62 |       0 |   0.0 |      17 |       0 |   0.0
        D:3 |      27 |       0 |   0.0 |      11 |       0 |   0.0
        D:4 |     214 |       0 |   0.0 |      18 |       0 |   0.0
        D:5 |     262 |       0 |   0.0 |       4 |       0 |   0.0
            +---------+---------+-------+---------+---------+-------
